 Dungeon Crawl Stone Soup version 0.28.0-53-g5a82cb258f (webtiles) character file.

Game seed: 9098328004813167708

7 nshep25 the Conjurer (level 1, 0/14 HPs)
             Began as a Demigod Conjurer on July 18, 2022.
             Slain by a hobgoblin (1 damage)
             ... on level 1 of the Dungeon.
             The game lasted 00:01:37 (96 turns).

nshep25 the Conjurer (Demigod Conjurer)               Turns: 96, Time: 00:01:37

Health: 0/14       AC:  2    Str:  8    XL:     1   Next: 73%
Magic:  0/5        EV: 12    Int: 20    God:
Gold:   0          SH:  0    Dex: 12    Spells: 2/3 levels left

rFire   . . .      SeeInvis .   (no weapon)
rCold   . . .      Faith    .   (no shield)
rNeg    . . .      Spirit   .   a - +0 robe
rPois   .          Reflect  .   (no helmet)
rElec   .          Harm     .   (no cloak)
rCorr   .          Rampage  .   (no gloves)
Will    .....                   (no boots)
Stlth   ++........              (no amulet)
HPRegen 0.04/turn               (no ring)
MPRegen 0.09/turn               (no ring)

@: no status effects
A: high MP 1, forlorn, divine attributes
a: no special abilities


You were on level 1 of the Dungeon.
You visited 1 branch of the dungeon, and saw 1 of its levels.

Inventory:

Missiles
 b - 50 stones
Armour
 a - a +0 robe (worn)
Wands
 c - a wand of polymorph (12)
Potions
 d - a potion of curing {unknown}


   Skills:
 + Level 1.8 Dodging
 + Level 1.8 Stealth
 + Level 1.9 Spellcasting
 + Level 3.9 Conjurations


You had 2 spell levels left.
You knew the following spells:

 Your Spells              Type           Power      Damage    Failure   Level
a - Magic Dart            Conj           68%        1d6       3%          1

Your spell library contained the following spells:

 Spells                   Type           Power      Damage    Failure   Level
 Searing Ray              Conj           34%        2d5       4%          2
 Ensorcelled Hibernation  Hex/Ice        2%         N/A       24%         2
 Dazzling Flash           Conj/Hex       18%        N/A       22%         3
 Spider Form              Tmut/Pois      1%         N/A       43%         3
 Fulminant Prism          Conj/Hex       4%         3d6       56%         4
 Iskenderun's Mystic Bla  Conj/Tloc      9%         2d4       56%         4
 Anguish                  Hex/Necr       0%         N/A       85%         4


Dungeon Overview and Level Annotations

Branches:
Dungeon (1/15)


Innate Abilities, Weirdness & Mutations

You have an increased reservoir of magic. (+10% MP)
You shall have no god before yourself.
Your divine heritage dramatically boosts your attributes as you level up.


Message History

You add the spells Ensorcelled Hibernation, Spider Form and Anguish to your library.
You barely miss the kobold.
The kobold hits you with a +0 short sword.
Casting: Magic Dart (safe; 3% risk of failure)
Confirm with . or Enter, or press ? or * to list all spells.
Aiming: Magic Dart (safe; 3% risk of failure)
Press: ? - help, Shift-Dir - straight line, f - kobold
Aim: a kobold, wielding a +0 short sword (100% to hit)
The magic dart hits the kobold.
The kobold is severely wounded.
The kobold hits you with a +0 short sword.
Found a scroll labelled JUAN FUEWOTOI.
The kobold hits you with a +0 short sword.
* * * LOW HITPOINT WARNING * * *
Casting: Magic Dart (safe; 3% risk of failure)
Confirm with . or Enter, or press ? or * to list all spells.
Aiming: Magic Dart (safe; 3% risk of failure)
Press: ? - help, Shift-Dir - straight line, f/p - kobold
Aim: a kobold, wielding a +0 short sword (severely wounded, 100% to hit)
You miscast Magic Dart.
You are very lightly contaminated with residual magic.
Nothing appears to happen.
The kobold hits you with a +0 short sword.
* * * LOW HITPOINT WARNING * * *
Your magical contamination has completely faded away.
Found a club.
A hobgoblin comes into view.
Casting: Magic Dart (safe; 3% risk of failure)
Confirm with . or Enter, or press ? or * to list all spells.
Aiming: Magic Dart (safe; 3% risk of failure)
Press: ? - help, Shift-Dir - straight line, f/p - kobold
Aim: a kobold, wielding a +0 short sword (severely wounded, 100% to hit)
The magic dart hits the kobold but does no damage.
The kobold is severely wounded.
The kobold hits you but does no damage.
The hobgoblin shouts!
A bat comes into view.
The bat moves out of view.
The hobgoblin hits you.
You die...

........#......#......########
....#...#......#.............#
##..#...#......#.####.####.###
..............._.# #.#..#.#
##...............# #.#.##.#
###.....#..#...#.####.#....#
........#..#...#......#.######
....###.#..#...#..>.....)....#
###.............@.K.....####.#
.........#......#g....###
###......#....#.#.........
#...........#.#.....####
#.....#.....#.........
#.....#.....#....##.##.
#.....##.##.#..b#.### .
#.....# .. #.#.## ####.## #


You could see a hobgoblin, a bat and a kobold.

Vanquished Creatures
  A dart slug (D:1)
  A goblin (D:1)
  A hobgoblin (D:1)
  2 ball pythons (D:1)
  A rat (D:1)
6 creatures vanquished.

Notes
Turn   | Place    | Note
-------+----------+-------------------------------------------
     0 | D:1      | nshep25 the Demigod Conjurer began the quest for the Orb.
     0 | D:1      | Reached XP level 1. HP: 14/14 MP: 5/5
    96 | D:1      | Slain by a hobgoblin

Illustrated notes

Levels and vault maps discovered:
D:1:      psy_arrival_radial01, layout_basic,
          hellmonk_ecumenical_altar_lost_god, minmay_heptomino_d4

Action                   || total
-------------------------++-------
Melee: Unarmed           ||     1
 Cast: Magic Dart        ||    10
Armor: Robe              ||     1
